 Dungeon Crawl Stone Soup version 0.19-a0-1789-ga32af4e (webtiles) character file.

57 JeffiDaFish the Sneak (level 3, -2/25 HPs)
             Began as a Vampire Enchanter on Oct 4, 2016.
             Slain by Crazy Yiuf
             ... wielding a +4 quarterstaff of chaos
              (15 damage)
             ... on level 2 of the Dungeon.
             The game lasted 00:10:57 (2639 turns).

JeffiDaFish the Sneak (Vampire Enchanter)           Turns: 2639, Time: 00:10:57

Health: -2/25      AC:  3    Str:  8    XL:     3   Next: 73%
Magic:  3/6        EV: 13    Int: 17    God:
Gold:   97         SH:  0    Dex: 14    Spells: 3 memorised, 1 level left

rFire  + . .     SeeInvis +     a - +1 dagger
rCold  . . .     Gourm    .     b - +1 robe
rNeg   + . .     Faith    .     (no shield)
rPois  .         Spirit   .     (no helmet)
rElec  .         Dismiss  .     (no cloak)
rCorr  .         Reflect  .     (no gloves)
MR     .....     Harm     .     (no boots)
Stlth  +++.......               (no amulet)
                                (no ring)
                                e - ring of protection from fire

@: no status effects
A: fangs 3, see invisible, unbreathing
a: Bat Form


You were on level 2 of the Dungeon.
You were not thirsty.

You visited 1 branch of the dungeon, and saw 2 of its levels.

You collected 97 gold pieces.

Inventory:

Hand Weapons
 a - a +1 dagger (weapon)
Armour
 b - a +1 robe (worn)
Jewellery
 e - a ring of protection from fire (left hand)
Scrolls
 f - a scroll of remove curse
 g - a scroll of blinking
 h - 2 scrolls of identify
Potions
 d - 11 potions of blood
Books
 c - a book of Maledictions

   Spells                             Type                      Level
   a - Corona                         Hexes                        1
   b - Ensorcelled Hibernation        Hexes/Ice                    2
   c - Confuse                        Hexes                        3
   d - Tukima's Dance                 Hexes                        3
   e - Dazzling Spray                 Conjuration/Hexes            3


   Skills:
 + Level 0.5 Fighting
 + Level 1.2 Short Blades
 + Level 2.3 Dodging
 + Level 5.2 Stealth
 * Level 2.5 Spellcasting
 + Level 5.2 Hexes
 + Level 0.6 Ice Magic


You had one spell level left.
You knew the following spells:

 Your Spells              Type           Power        Failure   Level  Hunger
a - Corona                Hex            ###....      2%          1    #......
b - Ensorcelled Hibernat  Hex/Ice        ##....       10%         2    ##.....
c - Confuse               Hex            ###.....     10%         3    ###....


Dungeon Overview and Level Annotations

Branches:
Dungeon (2/15)

Altars:
Ashenzari

Annotations:
D:2 Crazy Yiuf


Innate Abilities, Weirdness & Mutations

You have razor-sharp teeth.
You have supernaturally acute eyesight. (SInv)
You can survive without breathing.


Message History

Crazy Yiuf says, "Lay eyeball koolooloo!"
Casting: Confuse
Confirm with . or Enter, or press ? or * to list all spells.
You don't know that spell.
You closely miss the rat. You bite the rat, but do no damage.
The rat misses you.
You hit the rat but do no damage. The rat misses you.
You completely miss the rat. The rat closely misses you.
You hit the rat but do no damage. Your bite misses the rat. The rat bites you.
You barely miss the rat. The rat misses you.
Crazy Yiuf cries, "Whippet forty-two arga!"
You hit the rat but do no damage. The rat bites you but does no damage.
Crazy Yiuf grits, "Hack!"
You hit the rat.
You kill the rat!
You closely miss Crazy Yiuf.
Crazy Yiuf hits you with a quarterstaff of chaos!
You convulse!
Ouch! That really hurt!
You die...

############.###..####.###.
#......................# #.
#.###.###.##.#.#..##.#.###.
#.# ### ############.......
#.# #####.## ##.#######
######.#.# #..+...#.### ###
#.....###.
#.......#..##...#
######.#.#
#......####@g...# ##.##
##.+..## ###..)# #...
###### ### #... #... #...
########## ### #...
#.##.#.#.# #.# #...
#.##.#.#.# #.# #.#.
#.##.#.#.######.#######.#.


You could see Crazy Yiuf.

Vanquished Creatures
  An ooze (D:1)
  A worm (D:2)
  4 dart slugs
  2 leopard geckos
  2 giant cockroaches
  7 goblins
  3 hobgoblins
  2 jackals (D:2)
  8 bats
  A frilled lizard (D:1)
  8 kobolds
  2 rats
41 creatures vanquished.

Notes
Turn   | Place    | Note
-------+----------+-------------------------------------------
     0 | D:1      | JeffiDaFish the Vampire Enchanter began the quest for the Orb.
     0 | D:1      | Reached XP level 1. HP: 13/13 MP: 3/3
   193 | D:1      | Reached XP level 2. HP: 15/19 MP: 5/5
   279 | D:1      | Reached skill level 5 in Hexes
   411 | D:1      | Learned a level 2 spell: Ensorcelled Hibernation
   963 | D:2      | Reached XP level 3. HP: 25/25 MP: 6/6
   995 | D:2      | Found a shattered altar of Ashenzari.
  2242 | D:2      | Reached skill level 5 in Stealth
  2618 | D:2      | Found a runed door.
  2626 | D:2      | Learned a level 3 spell: Confuse
  2626 | D:2      | Noticed Crazy Yiuf
  2639 | D:2      | Slain by Crazy Yiuf

Vault maps used:
D:1:      lightli_arrival_statue_moat, minivault_4
D:2:      evilmike_ruin_ashenzari, kennysheep_generic_room_15,
          uniq_crazy_yiuf_cottage

Skill      XL: |  1  2  3 |
---------------+----------+-----
Hexes          | 5 |  5.2
Stealth        | 5 |  5.2
Fighting       | |  0.5
Short Blades   | |  1.2
Dodging        | |  2.3
Spellcasting   | |  2.5
Ice Magic      | |  0.6

Action                   || total
-------------------------++-------
Melee: Dagger            ||   120
       Bite              ||     6
 Cast: Ensorcelled Hiber ||     3
       Confuse           ||     1
  Use: Scroll            ||     6
       Potion            ||     8
 Stab: Sleeping          ||    18
       Distracted        ||     1
Armor: Robe              ||    38
Dodge: Dodged            ||    83
